 Dungeon Crawl Stone Soup version 0.31-a0-237-g2d982f9f85 (webtiles) character file.

Game seed: 1297651180905372934

47 qw the Shooter (level 3, -1/29 HPs)
             Began as a Minotaur Hexslinger on July 11, 2023.
             Slain by a goblin
             ... wielding a +0 club
             ... led by Robin
              (2 damage)
             ... on level 2 of the Dungeon.
             The game lasted 00:00:24 (1109 turns).

qw the Shooter (Minotaur Hexslinger)                Turns: 1109, Time: 00:00:25

Health: -1/29      AC:  5    Str: 12    XL:     3   Next: 48%
Magic:  3/3        EV: 11    Int: 10    God:
Gold:   82         SH:  0    Dex: 14    Spells: 3/4 levels left

rFire   . . .        Y - +1 sling
rCold   . . .        (no shield)
rNeg    . . .        h - +0 ring mail
rPois   .            (helmet restricted)
rElec   .            (no cloak)
rCorr   .            (no gloves)
SInv    .            (no boots)
Will    .....        (no amulet)
Stlth   +            (no ring)
HPRegen 0.24/turn    (no ring)
MPRegen 0.08/turn

%: no passive effects
@: lethally poisoned (-1 -> -2)
A: horns 2, retaliatory headbutt
a: no special abilities


You were on level 2 of the Dungeon.
You visited 1 branch of the dungeon, and saw 2 of its levels.

You collected 82 gold pieces.


Innate Abilities, Weirdness & Mutations

You have a pair of horns on your head.
You reflexively headbutt those who attack you in melee.


   Skills:
 - Level 2.0 Fighting
 - Level 4.0 Ranged Weapons
 + Level 0.2 Armour
 - Level 2.1 Dodging
 - Level 1.0 Spellcasting
 - Level 2.0 Hexes


You had 3 spell levels left.
You knew the following spells:

 Your Spells              Type           Power      Damage    Failure   Level
a - Slow                  Hex            16%        N/A       34%         1

Your spell library contained the following spells:

 Spells                   Type           Power      Damage    Failure   Level
 Inner Flame              Hex/Fire       2%         N/A       83%         3
 Portal Projectile        Hex/Tloc       4%         N/A       83%         3
 Cause Fear               Hex            2%         N/A       98%         4

Inventory:

Hand Weapons
 Y - a +1 sling (weapon)
Armour
 h - a +0 ring mail (worn)
Potions
 a - a potion of haste {unknown}
 i - a potion of brilliance {unknown}

Dungeon Overview and Level Annotations

Branches:
Dungeon (2/15)

Altars:

Annotations:
D:2 Robin


Message History

You shoot a sling bullet.
The sling bullet closely misses the goblin.
The goblin closely misses you.
A goblin comes into view. It is wielding a +0 club.
You shoot a sling bullet.
The sling bullet barely misses the goblin.
The goblin hits you with a +0 club.
You shoot a sling bullet. The sling bullet hits the goblin.
The goblin is heavily wounded.
A goblin comes into view. It is wielding a +0 dagger.
The goblin hits you but does no damage.
Robin hits you from afar with a +5 spear of venom.
Robin hits you but does no damage.
You are poisoned.
A goblin comes into view. It is wielding a +0 club.
The goblin hits you with a +0 club.
You shoot a sling bullet. The goblin shouts!
The sling bullet hits the goblin.
You kill the goblin!
You feel very sick. Robin barely misses you.
You shoot a sling bullet. The sling bullet barely misses Robin.
You feel sick.
Robin hits you from afar with a +5 spear of venom.
You shoot a sling bullet.
The sling bullet completely misses Robin.
The sling bullet completely misses the goblin.
You feel sick.
A goblin comes into view. It is wielding a +0 dagger.
Robin says, "Feeling lonely?"
Robin throws the goblin at you! The goblin hits you with a +0 club.
Robin throws the goblin at you!
You shoot a sling bullet. The sling bullet misses the goblin.
You feel sick. The goblin misses you. The goblin barely misses you.
Robin throws the goblin at you!
You shoot a sling bullet. The sling bullet hits the goblin!
You kill the goblin!
You feel sick. The goblin hits you with a +0 club.
You die...

### ###### #.. ..... #.#
#..# #.####g%###
#.##.g@)g.# #.##.#))#.g...
#.##.#..####)#
#........... ####.#######
..####### #.....########
.......<# #.###........##
..#####.## #.# #..........
....%....###.###....>....#


You could see Robin and 3 goblins.

Vanquished Creatures
  An adder (D:2)
  2 dart slugs (D:1)
  3 endoplasms (D:1)
  6 goblins
  3 hobgoblins
  4 jackals (D:1)
  2 quokkas (D:1)
  2 ball pythons
  A bat (D:1)
  A frilled lizard (D:2)
  6 kobolds
  A rat (D:1)
32 creatures vanquished.

Notes
Turn   | Place    | Note
-------+----------+-------------------------------------------
     0 | D:1      | qw the Minotaur Hexslinger began the quest for the Orb.
     0 | D:1      | Reached XP level 1. HP: 16/16 MP: 1/1
     0 | D:1      | 0 ||| qw: Version: 0.3-a-52-g30416fa
     0 | D:1      | 0 ||| qw: Game counter: 5425
     0 | D:1      | 0 ||| qw: Melee chars always use a shield: true
     0 | D:1      | 0 ||| qw: God list: Okawaru
     0 | D:1      | 0 ||| qw: Allow faded altars: false
     0 | D:1      | 0 ||| qw: Do Orc after clearing Dungeon:15 true
     0 | D:1      | 0 ||| qw: Do second Lair branch before Depths: true
     0 | D:1      | 0 ||| qw: Lair rune preference: random
     0 | D:1      | 0 ||| qw: Goals: Normal
     0 | D:1      | 0 ||| PLANNING D:1-11
   222 | D:1      | Reached skill level 3 in Ranged Weapons
   227 | D:1      | Reached XP level 2. HP: 11/23 MP: 2/2
   230 | D:1      | HP: 6/24 [jackal (2)]
   906 | D:1      | 906 ||| UPGRADING to +0 leather armour.
   916 | D:1      | 916 ||| DROPPING +0 robe.
   917 | D:1      | 917 ||| UPGRADING to +0 ring mail.
   927 | D:1      | 927 ||| DROPPING +0 leather armour.
   928 | D:1      | 928 ||| READING 4 scrolls labelled WIEWEH ULOISEI.
   929 | D:1      | 929 ||| READING scroll labelled QILI TONNI SOCE.
   934 | D:1      | 934 ||| READING scroll labelled FUDYUVVETIU.
   935 | D:1      | 935 ||| READING scroll labelled EPREUF VUHIUFE.
   936 | D:1      | 936 ||| READING scroll labelled UFRUBU LIWY.
   937 | D:1      | 937 ||| DROPPING 3 scrolls of fear.
   938 | D:1      | 938 ||| DROPPING scroll of poison.
   960 | D:2      | 960 ||| STAIRDANCE
   989 | D:2      | Reached XP level 3. HP: 29/29 MP: 3/3
  1097 | D:2      | Noticed Robin
  1099 | D:2      | Reached skill level 4 in Ranged Weapons
  1106 | D:2      | HP: 7/29 [Robin/+5 spear of venom (3)]
  1107 | D:2      | HP: 3/29 [goblin/+0 club[Robin] (2)]
  1109 | D:2      | HP: 1/29 [poisoned by Robin]
  1109 | D:2      | Slain by a goblin

Levels and vault maps discovered:
D:1:      nzn_arrival_depleted_hourglass, layout_basic
D:2:      layout_loops_cross, serial_shops, nicolae_shop_mannequins,
          basic_altar, uniq_jessica, uniq_robin

Skill      XL: |  1  2  3 |
---------------+----------+-----
Ranged Weapons | 3 4 |  4.0
Fighting       | 2 |  2.0
Armour         | |  0.2
Dodging        | |  2.1
Spellcasting   | |  1.0
Hexes          | |  2.0

Action                     || total
---------------------------++-------
   Fire: Sling             ||    92
    Use: Scroll            ||     5
 Armour: Robe              ||     4
         Ring mail         ||     9
  Dodge: Dodged            ||    35

Table legend:
 A = Non-vault XP
 B = Vault XP
 C = Vault XP percentage of total XP
 D = Non-vault monster count
 E = Vault monster count
 F = Vault count percentage of total count
                 A         B        C        D         E       F
            +---------+---------+-------+---------+---------+-------
      Total |      59 |      11 |  15.7 |      26 |       6 |  18.8
            +---------+---------+-------+---------+---------+-------
        D:1 |      39 |       0 |   0.0 |      21 |       0 |   0.0
        D:2 |      20 |      11 |  35.5 |       5 |       6 |  54.5
            +---------+---------+-------+---------+---------+-------
